 Dungeon Crawl Stone Soup version 0.30.0-30-g96aa6591b8 (webtiles) character file.

Game seed: 12341131633127136534

67 Peloso the Covered (level 3, -3/34 HPs)
             Began as a Minotaur Fighter on June 28, 2023.
             Was an Initiate of Okawaru.
             Slain by an ice beast (13 damage)
             ... on level 3 of the Dungeon.
             The game lasted 00:03:28 (2005 turns).

Peloso the Covered (Minotaur Fighter)               Turns: 2005, Time: 00:03:29

Health: -3/34      AC:  7    Str: 20    XL:     3   Next: 98%
Magic:  2/2        EV:  9    Int:  5    God:    Okawaru [......]
Gold:   74         SH:  4    Dex: 11    Spells: 2/2 levels left

rFire   . . .        a - +0 long sword
rCold   . . .        c - +0 buckler
rNeg    . . .        b - +0 scale mail
rPois   .            (helmet restricted)
rElec   .            (no cloak)
rCorr   .            (no gloves)
SInv    .            (no boots)
Will    .....        (no amulet) Stlth
                     (no ring)
HPRegen 0.25/turn    (no ring)
MPRegen 0.08/turn

%: no passive effects
@: no status effects
A: horns 2, retaliatory headbutt
a: Renounce Religion


You were on level 3 of the Dungeon.
You worshipped Okawaru.
Okawaru was noncommittal.
You visited 1 branch of the dungeon, and saw 3 of its levels.

You collected 74 gold pieces.

Inventory:

Hand Weapons
 a - a +0 long sword (weapon)
Armour
 b - a +0 scale mail (worn)
 c - a +0 buckler (worn)
Jewellery
 n - a ring of see invisible
Scrolls
 f - a scroll of butterflies {unknown}
 h - a scroll of immolation {unknown}
 j - a scroll of torment {unknown}
Potions
 d - a potion of might
 e - a potion of haste
 g - 2 potions of curing
 i - a potion of berserk rage
 l - 2 potions of invisibility {unknown}
 m - a potion of flight {unknown}
 o - a potion of degeneration {unknown}


   Skills:
 + Level 4.3 Fighting
 + Level 3.0 Long Blades
 + Level 4.5 Armour
 + Level 0.1 Dodging
 + Level 4.1 Shields


You had 2 spell levels left.
You didn't know any spells.
Your spell library contained the following spells:

 Spells                   Type           Power      Damage    Failure   Level
 Beastly Appendage        Tmut           0%         N/A       87%         1
 Sandblast                Erth           0%         2d4       87%         1
 Slow                     Hex            0%         N/A       87%         1
 Passwall                 Tmut/Erth      0%         N/A       95%         2
 Wereblood                Tmut           0%         N/A       95%         2
 Confusing Touch          Hex            0%         N/A       99%         3
 Spider Form              Tmut/Pois      0%         N/A       99%         3
 Stone Arrow              Conj/Erth      0%         3d7       99%         3
 Vampiric Draining        Necr           0%         2d6       99%         3
 Orb of Destruction       Conj           0%         9d5       100%        7
 Summon Guardian Golem    Hex/Summ       Unusable   N/A       N/A         3
 Spellforged Servitor     Conj/Summ      Unusable   N/A       N/A         7

Dungeon Overview and Level Annotations

Branches:
Dungeon (3/15)

Altars:
Okawaru


Innate Abilities, Weirdness & Mutations

You have a pair of horns on your head.
You reflexively headbutt those who attack you in melee.


Message History

Okawaru accepts your kill.
An ice beast comes into view.
An ice beast is nearby!
An ice beast is nearby!
You hit the ice beast.
The ice beast is lightly wounded.
The ice beast closely misses you. You furiously retaliate!
You headbutt the ice beast. You hit the ice beast but do no damage.
The ice beast is moderately wounded.
The ice beast closely misses you. The ice beast barely misses you.
You barely miss the ice beast. You headbutt the ice beast!
The ice beast is heavily wounded.
The ice beast closely misses you.
You hit the ice beast. Your headbutt misses the ice beast.
The ice beast is severely wounded.
The ice beast hits you but does no damage.
You slash the ice beast!
The ice beast is almost dead.
You block the ice beast's attack.
You hit the ice beast but do no damage.
The ice beast is almost dead.
The ice beast hits you but does no damage.
The ice beast hits you. The ice beast freezes you!
You closely miss the ice beast.
The ice beast is almost dead.
The ice beast barely misses you.
You closely miss the ice beast. Your headbutt misses the ice beast.
The ice beast is almost dead.
The ice beast hits you. The ice beast freezes you!
* * * LOW HITPOINT WARNING * * *
You hit the ice beast but do no damage. Your headbutt misses the ice beast.
The ice beast is almost dead.
The ice beast closely misses you.
You barely miss the ice beast.
The ice beast is almost dead.
You block the ice beast's attack. The ice beast hits you.
* * * LOW HITPOINT WARNING * * *
The ice beast freezes you!
You die...

## ### ### ##.##
#.######.## ....
#.........#
##..##.#.######.##
#......#.#<..##.#
#.Y....#...#.##.#
#.@#######.#.##.#
#..........#.##.#
.......##########.##.##
#...... #.....# #.#####
####### .


You could see an ice beast.

Vanquished Creatures
  A gnoll (D:1)
  An adder (D:2)
  A worm (D:2)
  A dart slug (D:2)
  A bat (D:2)
  3 endoplasms
  A giant cockroach (D:2)
  2 goblins (D:2)
  4 hobgoblins
  7 jackals
  3 quokkas
  4 ball pythons
  3 frilled lizards
  4 kobolds
  4 rats
40 creatures vanquished.

Notes
Turn   | Place    | Note
-------+----------+-------------------------------------------
     0 | D:1      | Peloso the Minotaur Fighter began the quest for the Orb.
     0 | D:1      | Reached XP level 1. HP: 19/19 MP: 0/0
   257 | D:1      | Reached XP level 2. HP: 27/27 MP: 1/1
   511 | D:1      | Found Hannog's Magic Scroll Boutique.
  1282 | D:2      | Reached XP level 3. HP: 25/33 MP: 2/2
  1483 | D:2      | Found an iron altar of Okawaru.
  1497 | D:2      | Became a worshipper of Warmaster Okawaru
  1994 | D:3      | Noticed an ice beast
  2005 | D:3      | Slain by an ice beast

Illustrated notes

Levels and vault maps discovered:
D:1:      psy_arrival_fountain, layout_basic, serial_shops, shop_statue
D:2:      layout_basic, basic_altar
D:3:      layout_basic, nicolae_ru_the_path_less_chosen

Skill      XL: |  1  2  3 |
---------------+----------+-----
Armour         | 4 |  4.5
Shields        | 4 |  4.1
Fighting       | 4 |  4.3
Long Blades    | 3 |  3.0
Dodging        | |  0.1

Action                     || total
---------------------------++-------
  Melee: Long sword        ||   103
         Headbutt          ||    11
    Use: Potion            ||     4
         Scroll            ||     2
 Armour: Scale mail        ||    47
  Dodge: Dodged            ||    46
  Block: Buckler           ||    25
